[Event "Titled Tuesday Blitz April 25 Early 2023"]
[White "Kiseleva, Arina"]
[Black "Lach, Aleksandra"]
[WhiteFideId "4164989"]
[BlackFideId "1134299"]
[WhiteElo "1708"]
[BlackElo "2111"]
[Result "1-0"]
[Round "10"]
[TimeControl "180+2"]
[Date "2023.04.25"]
[WhiteClock "0:00:02"]
[BlackClock "0:00:07"]

1. d4 f5 2. g3 Nf6 3. Bg2 g6 4. c3 Bg7 5. Qb3 d5 6. Nf3 c6 7. Bf4 Nbd7 8. Ne5 Nxe5 9. Bxe5 O-O 10. O-O Ne4 11. f3 Nd6 12. Nd2 Be6 13. e4 Qd7 14. Bxg7 Kxg7 15. e5 Nc4 16. Nxc4 dxc4 17. Qc2 f4 18. Rae1 Rf7 19. Qd2 Raf8 20. Re4 g5 21. gxf4 Rxf4 22. Kh1 Bd5 23. Rxf4 Rxf4 24. Qe3 Qf5 25. Rf2 Kf8 26. Kg1 h5 27. h3 e6 28. a4 Ke7 29. a5 a6 30. Qe2 Qg6 31. Rf1 Kd7 32. Qf2 Kc7 33. Qe2 Qf5 34. Qe3 g4 35. hxg4 hxg4 36. fxg4 Rxf1+ 37. Bxf1 Qxg4+ 38. Kf2 Qf5+ 39. Ke2 Qc2+ 40. Qd2 Bf3+ 41. Ke3 Qe4+ 42. Kf2 Bg4 43. Bg2 Qf5+ 44. Kg1 Qg6 45. Qf2 Bf5 46. Qf3 Kb8 47. Kf2 Ka7 48. Qe2 Qg5 49. Qf3 Qd2+ 50. Qe2 Qf4+ 51. Qf3 Qd2+ 52. Qe2 Qxe2+ 53. Kxe2 Kb8 54. Ke3 Kc7 55. Bf1 b6 56. axb6+ Kxb6 57. Bxc4 a5 58. Bb3 Kb5 59. Bd1 a4 60. Be2+ Ka5 61. Bc4 Kb6 62. Ba2 c5 63. c4 Kc6 64. d5+ Kc7 65. Kf4 Bh3 66. Kg5 Kd7 67. Kf6 Bg4 68. Bb1 Bh3 69. d6 Bg4 70. Bg6 Be2 71. Bc2 Bxc4 72. Bxa4+ Kd8 73. Kf7 Bd5 74. Kf8 c4 75. Kf7 c3 76. bxc3 Bc4 77. Bd1 Bd5 78. Bg4 1-0


[Site "https://www.chess.com"]

[Event "Titled Tuesday Blitz April 25 Early 2023"]
[White "Torres Dominguez, David"]
[Black "Rudzinska, Michalina"]
[WhiteFideId "2220857"]
[BlackFideId "1172883"]
[WhiteElo "1999"]
[BlackElo "2219"]
[Result "1-0"]
[Round "10"]
[TimeControl "180+2"]
[Date "2023.04.25"]
[WhiteClock "0:01:56"]
[BlackClock "0:01:52"]

1. e4 c6 2. Nf3 d5 3. d3 Qc7 4. Nc3 dxe4 5. dxe4 Bg4 6. h3 Bxf3 7. Qxf3 Nd7 8. Bf4 e5 9. Bd2 Ngf6 10. O-O-O O-O-O 11. Bc4 Nb6 12. Bb3 Bc5 13. Bg5 Nbd7 14. Bxf7 Rhf8 15. Be6 Nd5 16. Bxd8 Qxd8 17. Qg4 1-0


[Site "https://www.chess.com"]

[Event "Titled Tuesday Blitz April 25 Early 2023"]
[White "Kohler, Aran"]
[Black "Ciuffoletti, Paolo"]
[WhiteFideId "1002856"]
[BlackFideId "807630"]
[WhiteElo "2285"]
[BlackElo "2143"]
[Result "1-0"]
[Round "10"]
[TimeControl "180+2"]
[Date "2023.04.25"]
[WhiteClock "0:00:15"]
[BlackClock "0:00:01"]

1. f3 d5 2. g3 e5 3. Nh3 Nf6 4. Nf2 c5 5. Bg2 Nc6 6. e3 Be6 7. d3 Bd6 8. c3 h5 9. Nd2 g5 10. Qe2 Qe7 11. b3 O-O-O 12. Bb2 Kb8 13. O-O-O d4 14. cxd4 cxd4 15. e4 Rc8 16. Kb1 Ba3 17. Nc4 Bxb2 18. Qxb2 b5 19. Nd2 Rc7 20. Rc1 Rhc8 21. a3 Nd7 22. Rhe1 Nb6 23. Ka2 a5 24. Ka1 Kb7 25. f4 gxf4 26. gxf4 f6 27. h4 Rg8 28. Bf3 Rg3 29. Bxh5 Qh7 30. Bf3 Qxh4 31. Rh1 Qxf4 32. Rc5 Rxf3 33. Nxf3 Qxf3 34. Rxb5 Rg7 35. b4 a4 36. Qc2 Bb3 37. Qc5 Kc7 38. Qxb6+ Kd7 39. Qb7+ Ke6 40. Qxc6+ Kf7 41. Rb7+ Kg6 42. Qe8+ 1-0


[Site "https://www.chess.com"]

[Event "Titled Tuesday Blitz April 25 Early 2023"]
[White "Fierz, Martin"]
[Black "Winkels, Marcel"]
[WhiteFideId "1302132"]
[BlackFideId "1003887"]
[WhiteElo "2280"]
[BlackElo "1900"]
[Result "1-0"]
[Round "10"]
[TimeControl "180+2"]
[Date "2023.04.25"]
[WhiteClock "0:00:27"]
[BlackClock "0:00:09"]

1. e4 c5 2. Nf3 d6 3. d4 cxd4 4. Nxd4 Nf6 5. Nc3 g6 6. Be3 Bg7 7. f3 Nc6 8. Qd2 Bd7 9. O-O-O Rc8 10. g4 Na5 11. h4 Nc4 12. Bxc4 Rxc4 13. h5 Nxg4 14. fxg4 Bxg4 15. h6 Be5 16. Rdg1 Bd7 17. Nde2 O-O 18. Bd4 Qa5 19. Bxe5 Qxe5 20. Rg5 Qf6 21. Nd5 Qf3 22. Nxe7+ Kh8 23. Rd1 Rxe4 24. Nd4 Qh3 25. Nd5 Qh4 26. Rgg1 Rfe8 27. Qc3 R4e5 28. Nf3 Qxh6+ 29. Kb1 f6 30. Nxf6 Rc8 31. Qd4 Qe3 32. Nxe5 dxe5 33. Qxe3 1-0


[Site "https://www.chess.com"]

[Event "Titled Tuesday Blitz April 25 Early 2023"]
[White "Chakravarthi Reddy, M"]
[Black "Barwinska, Ewa"]
[WhiteFideId "25009532"]
[BlackFideId "21833761"]
[WhiteElo "2201"]
[BlackElo "1908"]
[Result "0-1"]
[Round "10"]
[TimeControl "180+2"]
[Date "2023.04.25"]
[WhiteClock "0:00:50"]
[BlackClock "0:01:10"]

1. e4 c5 2. Nf3 d6 3. d4 cxd4 4. Nxd4 Nf6 5. Nc3 a6 6. Bg5 e6 7. f4 Nc6 8. Nb3 Be7 9. Qf3 h6 10. Bh4 Qc7 11. O-O-O b5 12. e5 dxe5 13. fxe5 Nd7 14. Bxe7 Kxe7 15. Bxb5 axb5 16. Nxb5 Qb6 17. Qd3 Ncxe5 18. Qe2 Ba6 19. a4 Bxb5 20. axb5 Rhb8 21. Nd4 Ra1+ 22. Kd2 Qxd4+ 0-1


[Site "https://www.chess.com"]

[Event "Titled Tuesday Blitz April 25 Early 2023"]
[White "Floresvillar Gonzalez, Luis Migu"]
[Black "Vidruska, Renate"]
[WhiteFideId "5100542"]
[BlackFideId "11601841"]
[WhiteElo "2040"]
[BlackElo "1976"]
[Result "0-1"]
[Round "10"]
[TimeControl "180+2"]
[Date "2023.04.25"]
[WhiteClock "0:00:13"]
[BlackClock "0:00:24"]

1. e4 e5 2. Nf3 Nc6 3. d4 exd4 4. Bc4 Nf6 5. e5 d5 6. Bb5 Ne4 7. Nxd4 Bd7 8. O-O Bc5 9. Be3 Bb6 10. Nxc6 bxc6 11. Bxb6 axb6 12. Bd3 Nc5 13. Be2 O-O 14. f4 f6 15. exf6 Qxf6 16. c3 Bf5 17. Nd2 Bd3 18. Bxd3 Nxd3 19. Qc2 Nxf4 20. Nb3 Qg5 21. Kh1 Rae8 22. Rae1 Rxe1 23. Rxe1 h6 24. Nd4 c5 25. Nf3 Qg6 26. Qxg6 Nxg6 27. Kg1 Ra8 28. a3 Kf7 29. Kf2 Re8 30. Re3 Rxe3 31. Kxe3 Ke6 32. g3 Ne5 33. Nxe5 Kxe5 34. a4 c6 35. b4 cxb4 36. cxb4 Kd6 37. a5 bxa5 38. bxa5 Kc5 39. a6 Kb6 40. Kd4 Kxa6 41. Kc5 Kb7 42. Kd6 d4 43. Ke6 d3 44. Kf7 d2 45. Kxg7 d1=Q 46. Kxh6 Qg4 0-1


[Site "https://www.chess.com"]

[Event "Titled Tuesday Blitz April 25 Early 2023"]
[White "Quirke, Jeffrey"]
[Black "Maluco_do_Natal_00"]
[WhiteFideId "2013029"]
[WhiteElo "2218"]
[BlackElo "2011"]
[Result "1-0"]
[Round "10"]
[TimeControl "180+2"]
[Date "2023.04.25"]
[WhiteClock "0:00:14"]
[BlackClock "0:00:01"]

1. e4 c5 2. Nc3 g6 3. f4 Nc6 4. Nf3 Bg7 5. a4 d6 6. Bb5 Bd7 7. d3 a6 8. Bxc6 Bxc6 9. O-O e6 10. Qe1 Ne7 11. f5 gxf5 12. Bg5 f6 13. Bd2 Qd7 14. Nh4 fxe4 15. dxe4 O-O-O 16. Be3 Ng6 17. Rd1 Qc7 18. Qg3 Ne5 19. Qh3 Qe7 20. Nd5 Bxd5 21. exd5 Rde8 22. dxe6 Qxe6 23. Nf5 Bf8 24. Bh6 d5 25. Bxf8 Rhxf8 26. Nd6+ Kc7 27. Nxe8+ Rxe8 28. Qxe6 Rxe6 29. Rxd5 Kc6 30. Rd8 b5 31. axb5+ axb5 32. Rf8 Nd7 33. Rf7 h5 34. h3 c4 35. Rh7 Re5 36. Rd1 1-0


[Site "https://www.chess.com"]

[Event "Titled Tuesday Blitz April 25 Early 2023"]
[White "Castillo Pena, Patricia Evarista"]
[Black "GregLeBarbare"]
[WhiteFideId "6412106"]
[WhiteElo "1919"]
[BlackElo "2159"]
[Result "0-1"]
[Round "10"]
[TimeControl "180+2"]
[Date "2023.04.25"]
[WhiteClock "0:00:12"]
[BlackClock "0:00:44"]

1. d4 e6 2. Nf3 Nf6 3. e3 b6 4. Bd3 Bb7 5. O-O d5 6. Nbd2 Nbd7 7. b3 c5 8. Bb2 Ne4 9. c4 Ndf6 10. Ne5 Be7 11. cxd5 exd5 12. Bb5+ Kf8 13. Nxe4 Nxe4 14. Nc6 Bxc6 15. Bxc6 Rc8 16. Bb5 h5 17. dxc5 bxc5 18. Rc1 Rh6 19. Bd3 Nf6 20. Bf5 Rc6 21. Qf3 h4 22. h3 Bd6 23. Rfd1 Bb8 24. Bxf6 Rhxf6 25. Qxd5 Rfd6 26. Qf3 Qc7 27. Rxd6 Qxd6 28. g3 hxg3 29. fxg3 Qh6 30. h4 g6 31. Bg4 Rc7 32. Rf1 Re7 33. Qa8 Qxe3+ 34. Kg2 Qxg3+ 0-1


[Site "https://www.chess.com"]

[Event "Titled Tuesday Blitz April 25 Early 2023"]
[White "Vargas, Mauricio"]
[Black "dDobravcan"]
[WhiteFideId "4404572"]
[WhiteElo "1998"]
[BlackElo "2146"]
[Result "0-1"]
[Round "10"]
[TimeControl "180+2"]
[Date "2023.04.25"]
[WhiteClock "0:01:12"]
[BlackClock "0:01:13"]

1. e4 d6 2. Nc3 Nf6 3. f4 e5 4. fxe5 dxe5 5. Nf3 Nbd7 6. Bb5 c6 7. Ba4 Bc5 8. d3 a5 9. a3 O-O 10. Qe2 b5 11. Bb3 Ng4 12. h3 Nf2 13. Rf1 Qb6 14. Bg5 a4 15. Ba2 b4 16. axb4 Qxb4 17. Qd2 a3 18. bxa3 Rxa3 19. Rxf2 Bxf2+ 20. Kxf2 Qxc3 21. Qxc3 Rxc3 22. Bb3 Nc5 23. Bd2 Nxb3 24. cxb3 Rxd3 25. Bb4 Re8 26. Bc5 Rxb3 27. Ra7 Rb7 28. Ra6 Rb2+ 0-1


[Site "https://www.chess.com"]

[Event "Titled Tuesday Blitz April 25 Early 2023"]
[White "Lohani, Sujana"]
[Black "Tymrakiewicz, Rafal"]
[WhiteFideId "12311987"]
[BlackFideId "1108832"]
[WhiteElo "1718"]
[BlackElo "2151"]
[Result "0-1"]
[Round "10"]
[TimeControl "180+2"]
[Date "2023.04.25"]
[WhiteClock "0:00:01"]
[BlackClock "0:00:18"]

1. d4 Nf6 2. Nf3 d5 3. c4 c6 4. Qc2 a6 5. Bf4 g6 6. cxd5 Nxd5 7. Bg3 Bf5 8. e4 Nb4 9. Qe2 Bg4 10. a3 Qa5 11. Nc3 c5 12. d5 c4 13. Rd1 Nd3+ 14. Rxd3 cxd3 15. Qxd3 Bg7 16. Nd4 Qb6 17. e5 Qxb2 18. Be2 Bxe2 19. Ndxe2 Nd7 20. O-O Nxe5 21. Bxe5 Bxe5 22. Na4 Qb5 23. Qe3 f6 24. Nb6 Rd8 25. a4 Qb4 26. f4 Bd6 27. Qe6 Qxb6+ 28. Kh1 Qc5 29. Ng3 Qc8 30. Qe4 O-O 31. f5 Bxg3 32. hxg3 Qd7 33. fxg6 h6 34. g7 Kxg7 35. Qh4 Qxd5 36. Rf4 Qd1+ 37. Kh2 Rd5 38. Rg4+ Rg5 39. Rd4 Qh5 40. Rd7 Qxh4+ 41. gxh4 Re5 42. Rxb7 Kf7 43. Ra7 a5 44. Ra6 h5 45. Kh3 Rg8 46. g3 Rg4 47. Rb6 Rxa4 0-1


[Site "https://www.chess.com"]

[Event "Titled Tuesday Blitz April 25 Early 2023"]
[White "Amitpal, Singh"]
[Black "Larina, Maria"]
[WhiteFideId "5012899"]
[BlackFideId "24113182"]
[WhiteElo "2107"]
[BlackElo "1848"]
[Result "1-0"]
[Round "10"]
[TimeControl "180+2"]
[Date "2023.04.25"]
[WhiteClock "0:00:37"]
[BlackClock "0:00:24"]

1. e4 c6 2. d4 d5 3. exd5 cxd5 4. Bd3 Nc6 5. c3 e5 6. dxe5 Nxe5 7. Bf4 Nxd3+ 8. Qxd3 Nf6 9. Nd2 Be7 10. Ngf3 O-O 11. Kf1 Qb6 12. Qe3 Bc5 13. Nd4 Qxb2 14. Rb1 Qxa2 15. Qg3 Ne4 16. Nxe4 Qxb1+ 17. Ke2 Qxe4+ 18. Be3 Bxd4 19. cxd4 Bf5 20. f3 Qd3+ 21. Kf2 Rfe8 22. Qf4 Rac8 23. Re1 Rc2+ 24. Kg3 Bg6 25. Bf2 Rce2 26. Rxe2 Qxe2 27. Qc7 Qe7 28. Qa5 Qc7+ 29. Qxc7 h5 30. Qxb7 a5 31. Qxd5 Re2 32. f4 h4+ 33. Kf3 Be4+ 34. Qxe4 Rxe4 35. Kxe4 Kf8 36. d5 Ke7 37. Bc5+ Kd7 38. g3 hxg3 39. hxg3 g6 40. Ke5 a4 41. Ba3 Ke8 42. Kf6 Kd7 43. Kxf7 Kc7 44. Kxg6 Kb6 45. Kf6 Kb5 46. Ke6 Kc4 47. d6 Kb3 48. d7 Kxa3 49. d8=Q Kb3 50. Qa5 a3 51. Qxa3+ Kxa3 52. f5 Kb4 53. f6 Kc5 54. f7 Kd4 55. f8=Q Ke4 56. g4 Ke3 57. g5 Ke4 58. g6 Ke3 59. g7 Ke4 60. g8=Q Ke3 61. Qg3+ Kd4 62. Qff4+ Kc5 63. Qc3+ Kb6 64. Qfb4+ Ka7 65. Qca3# 1-0


[Site "https://www.chess.com"]

[Event "Titled Tuesday Blitz April 25 Early 2023"]
[White "Flis, Pawel"]
[Black "Prado, Alexandra"]
[WhiteFideId "1112864"]
[BlackFideId "3301346"]
[WhiteElo "1822"]
[BlackElo "1759"]
[Result "1-0"]
[Round "10"]
[TimeControl "180+2"]
[Date "2023.04.25"]
[WhiteClock "0:01:25"]
[BlackClock "0:00:15"]

1. e4 c5 2. Nf3 Nc6 3. d4 cxd4 4. Nxd4 g6 5. c4 Bg7 6. Be3 Nf6 7. Nc3 O-O 8. Be2 d6 9. O-O Bd7 10. f3 Nxd4 11. Bxd4 Bc6 12. Qd2 a5 13. b3 Nd7 14. Be3 f5 15. exf5 Rxf5 16. Rad1 a4 17. b4 Nb6 18. b5 Be8 19. Bd3 Rf8 20. Be4 Qd7 21. Bxb6 Bf7 22. Nd5 Rfc8 23. Ne3 Bxc4 24. Nxc4 1-0


[Site "https://www.chess.com"]

[Event "Titled Tuesday Blitz April 25 Early 2023"]
[White "Nakamura, Hikaru"]
[Black "Duda, Jan-Krzysztof"]
[WhiteFideId "2016192"]
[BlackFideId "1170546"]
[WhiteElo "2885"]
[BlackElo "2790"]
[Result "1-0"]
[Round "11"]
[TimeControl "180+2"]
[Date "2023.04.25"]
[WhiteClock "0:00:06"]
[BlackClock "0:00:01"]

1. Nf3 d5 2. e3 Nf6 3. c4 e6 4. b3 Be7 5. Bb2 O-O 6. cxd5 exd5 7. d4 Bf5 8. Bd3 Bxd3 9. Qxd3 Nbd7 10. Nbd2 Re8 11. O-O Bd6 12. a3 a5 13. Rfc1 c6 14. Qc2 Qe7 15. a4 Ne4 16. Nxe4 dxe4 17. Nd2 Nf6 18. Nc4 Bc7 19. Rf1 Nd5 20. Ba3 Qe6 21. Rac1 Qh6 22. g3 Re6 23. Kg2 Rae8 24. Qe2 Qg5 25. Rce1 h5 26. Kh1 h4 27. Rg1 Rh6 28. Rg2 Qf5 29. g4 Qg5 30. h3 Rf6 31. Nd2 Ree6 32. Rc1 Qg6 33. Kg1 Qg5 34. Kh1 Kh8 35. Re1 Nc3 36. Qc4 Nd5 37. Qc2 Qg6 38. Kg1 Qh7 39. g5 Rf5 40. Nxe4 Rf3 41. g6 Rxg6 42. Ng5 Qh5 43. Nxf7+ Rxf7 44. Qxg6 Qf3 45. Qg4 Qf6 46. Bc1 Nc3 47. e4 Qxd4 48. Bb2 1-0


[Site "https://www.chess.com"]

[Event "Titled Tuesday Blitz April 25 Early 2023"]
[White "Deac, Bogdan-Daniel"]
[Black "So, Wesley"]
[WhiteFideId "1226380"]
[BlackFideId "5202213"]
[WhiteElo "2649"]
[BlackElo "2749"]
[Result "1/2-1/2"]
[Round "11"]
[TimeControl "180+2"]
[Date "2023.04.25"]
[WhiteClock "0:00:09"]
[BlackClock "0:00:10"]

1. d4 Nf6 2. c4 e6 3. Nf3 d5 4. g3 Bb4+ 5. Bd2 Be7 6. Bg2 Nbd7 7. Qc2 O-O 8. O-O c6 9. Rd1 b6 10. b3 Ba6 11. a4 c5 12. a5 Qc8 13. axb6 axb6 14. Na3 Bb7 15. Nb5 dxc4 16. bxc4 cxd4 17. Nfxd4 Bxg2 18. Kxg2 Ne5 19. Rac1 Rd8 20. Bf4 Ng6 21. Bg5 Qb7+ 22. Kg1 Rac8 23. Qb3 Ne5 24. h3 Qe4 25. Bf4 Bc5 26. Qe3 Bxd4 27. Rxd4 Rxd4 28. Qxd4 Qxd4 29. Nxd4 Nxc4 30. Nb5 Rc5 31. Nc7 h6 32. Na6 Ra5 33. Rxc4 Rxa6 34. Rc8+ Kh7 35. Rc6 Nd5 36. Kg2 Nxf4+ 37. gxf4 Ra2 38. Rxb6 Rxe2 39. Kg3 Ra2 40. h4 Kg6 41. Rb7 Ra3+ 42. f3 Kf6 43. Rc7 Ra5 44. Rb7 Ra1 45. Rc7 Rg1+ 46. Kf2 Ra1 47. Kg3 Ra6 48. Rb7 Rd6 49. Rc7 Kg6 50. Rb7 Rd5 51. Rc7 Rf5 52. Rb7 Kf6 53. Rc7 Kg6 54. Rb7 Rd5 55. Rc7 f6 56. Rb7 h5 57. Ra7 Rd6 58. Rb7 Rd4 59. Re7 Rd6 60. Ra7 Rc6 61. Re7 Rb6 62. Ra7 Rd6 63. Re7 Ra6 64. Rb7 Kh7 65. Re7 Kg8 66. Rb7 Rd6 67. Re7 Kf8 68. Rc7 Rd8 69. Rb7 Re8 70. Rb5 Re7 71. Rxh5 Kf7 72. Rb5 Kg6 73. Kg4 Rd7 74. Kg3 Rd5 75. Rb7 Rd6 76. Rc7 Kh6 77. Re7 Rc6 78. Rd7 Rc5 79. Re7 Rc6 80. Rd7 g6 81. Rf7 f5 82. Re7 Rd6 83. Rc7 Rb6 84. Re7 Ra6 85. Rd7 Rb6 86. Re7 Ra6 87. Rf7 Rb6 88. Re7 1/2-1/2


[Site "https://www.chess.com"]

[Event "Titled Tuesday Blitz April 25 Early 2023"]
[White "Gupta, Abhijeet"]
[Black "Firouzja, Alireza"]
[WhiteFideId "5010608"]
[BlackFideId "12573981"]
[WhiteElo "2528"]
[BlackElo "2904"]
[Result "0-1"]
[Round "11"]
[TimeControl "180+2"]
[Date "2023.04.25"]
[WhiteClock "0:00:02"]
[BlackClock "0:00:05"]

1. d4 d5 2. Nf3 Nf6 3. Bf4 c5 4. e3 Nc6 5. Nbd2 e6 6. c3 cxd4 7. exd4 Nh5 8. Be3 Bd6 9. Bd3 Nf4 10. Bxf4 Bxf4 11. O-O Qc7 12. Re1 O-O 13. g3 Bd6 14. Bxh7+ Kxh7 15. Ng5+ Kh6 16. Qg4 e5 17. Qh4+ Kg6 18. Ndf3 Bf5 19. g4 Rh8 20. gxf5+ Kxf5 21. Nh7 e4 22. Qh5+ Ke6 23. Nfg5+ Kd7 24. Qxf7+ Ne7 25. c4 Bxh2+ 26. Kg2 Qf4 27. Qe6+ Ke8 28. cxd5 Rxh7 29. Rxe4 Qxg5+ 30. Kf1 Rh6 31. d6 Rxe6 32. Rxe6 Qg1+ 33. Ke2 Qxa1 34. dxe7 Kf7 35. e8=Q+ Rxe8 0-1


[Site "https://www.chess.com"]

[Event "Titled Tuesday Blitz April 25 Early 2023"]
[White "Korobov, Anton"]
[Black "Caruana, Fabiano"]
[WhiteFideId "14105730"]
[BlackFideId "2020009"]
[WhiteElo "2638"]
[BlackElo "2837"]
[Result "0-1"]
[Round "11"]
[TimeControl "180+2"]
[Date "2023.04.25"]
[WhiteClock "0:00:19"]
[BlackClock "0:00:42"]

1. c4 Nf6 2. Nc3 e5 3. Nf3 Nc6 4. a3 g6 5. b4 d6 6. e3 Bg7 7. Be2 O-O 8. O-O e4 9. Ne1 h5 10. Bb2 Re8 11. d3 Bf5 12. Nxe4 Nxe4 13. Bxg7 Nxf2 14. Rxf2 Kxg7 15. Nc2 Qg5 16. e4 Bg4 17. Qc1 Qxc1+ 18. Rxc1 Ne5 19. Bf1 c5 20. d4 Nc6 21. h3 Bd7 22. dxc5 dxc5 23. Rd1 Ne5 24. Ne3 cxb4 25. axb4 a5 26. b5 Be6 27. Rd6 Red8 28. Rb6 Ra7 29. Ra2 Rd4 30. Ra4 Rxe4 31. Kf2 Rd4 32. Ke1 Nd7 0-1


[Site "https://www.chess.com"]

[Event "Titled Tuesday Blitz April 25 Early 2023"]
[White "Bortnyk, Olexandr"]
[Black "Sarana, Alexey"]
[WhiteFideId "14120828"]
[BlackFideId "24133795"]
[WhiteElo "2734"]
[BlackElo "2714"]
[Result "1-0"]
[Round "11"]
[TimeControl "180+2"]
[Date "2023.04.25"]
[WhiteClock "0:00:27"]
[BlackClock "0:00:04"]

1. d4 Nf6 2. Nc3 d5 3. Bf4 a6 4. e3 c5 5. dxc5 e6 6. Na4 Nbd7 7. b4 b6 8. c6 Bxb4+ 9. c3 Ba5 10. cxd7+ Bxd7 11. Be5 Ne4 12. f3 f6 13. Bd4 e5 14. fxe4 exd4 15. Qxd4 Qe7 16. Nxb6 Qa3 17. Ne2 Bb5 18. Nxd5 Rc8 19. Kf2 O-O 20. Rd1 Rfd8 21. Qa7 Kh8 22. Rd2 Rd7 23. Qd4 Rc4 24. Qd3 Rxc3 25. Qxc3 Bxc3 26. Nexc3 Bxf1 27. Rxf1 h6 28. Rb1 Rd8 29. Rb7 Rc8 30. Ne2 Qa5 31. Rdb2 Re8 32. Nef4 Rxe4 33. Rd7 h5 34. Rb8+ Kh7 35. Nxf6+ Kh6 36. Rh8+ Kg5 37. Nxe4+ 1-0


[Site "https://www.chess.com"]

[Event "Titled Tuesday Blitz April 25 Early 2023"]
[White "Eljanov, Pavel"]
[Black "Andreikin, Dmitry"]
[WhiteFideId "14102951"]
[BlackFideId "4158814"]
[WhiteElo "2598"]
[BlackElo "2736"]
[Result "1-0"]
[Round "11"]
[TimeControl "180+2"]
[Date "2023.04.25"]
[WhiteClock "0:00:35"]
[BlackClock "0:00:07"]

1. d4 g6 2. e4 Bg7 3. Nc3 c6 4. h3 d6 5. a4 Nf6 6. Be3 O-O 7. Nf3 Nbd7 8. a5 Qc7 9. Be2 e5 10. d5 cxd5 11. exd5 a6 12. O-O Re8 13. Na4 e4 14. Nh2 h5 15. c4 Qxa5 16. Nb6 Qxb6 17. Bxb6 Nxb6 18. b4 Bf5 19. Qb3 Rac8 20. Rac1 Bh6 21. Rc3 Bd2 22. Re3 h4 23. Ng4 Bxg4 24. hxg4 Nh7 25. Rd1 Bxe3 26. fxe3 Nd7 27. Rc1 Ng5 28. c5 dxc5 29. bxc5 Nxc5 30. Qb6 Nd3 31. Rxc8 Rxc8 32. d6 Rc1+ 33. Bf1 h3 34. Qd8+ Kg7 35. Qxg5 hxg2 36. Kxg2 Ne1+ 37. Kf2 Nf3 38. Qe7 Nh2 39. Qe5+ 1-0


[Site "https://www.chess.com"]

[Event "Titled Tuesday Blitz April 25 Early 2023"]
[White "Lazavik, Denis"]
[Black "Esipenko, Andrey"]
[WhiteFideId "13515110"]
[BlackFideId "24175439"]
[WhiteElo "2560"]
[BlackElo "2615"]
[Result "0-1"]
[Round "11"]
[TimeControl "180+2"]
[Date "2023.04.25"]
[WhiteClock "0:00:08"]
[BlackClock "0:00:44"]

1. d4 Nf6 2. c4 e6 3. Nf3 d5 4. g3 Bb4+ 5. Bd2 Be7 6. Bg2 O-O 7. O-O c6 8. Qc2 Nbd7 9. Rd1 b6 10. b3 a5 11. Bc3 Ba6 12. Nbd2 b5 13. Bb2 bxc4 14. bxc4 c5 15. dxc5 Rc8 16. cxd5 Bxc5 17. Qa4 Qb6 18. Bd4 Bxe2 19. Rdb1 Qa6 20. dxe6 fxe6 21. Rc1 e5 22. Qb3+ Kh8 23. Bxc5 Nxc5 24. Qa3 Nd3 25. Rxc8 Rxc8 26. Ne1 Nxf2 27. h3 Qb6 28. Kh2 N6g4+ 29. hxg4 Nxg4+ 30. Kh1 Qh6+ 0-1


[Site "https://www.chess.com"]

[Event "Titled Tuesday Blitz April 25 Early 2023"]
[White "Naroditsky, Daniel"]
[Black "Harsha Bharathakoti"]
[WhiteFideId "2026961"]
[BlackFideId "5078776"]
[WhiteElo "2633"]
[BlackElo "2504"]
[Result "1/2-1/2"]
[Round "11"]
[TimeControl "180+2"]
[Date "2023.04.25"]
[WhiteClock "0:00:03"]
[BlackClock "0:00:07"]

1. d4 Nf6 2. Nc3 d5 3. Bf4 e6 4. Nb5 Na6 5. e3 Be7 6. Nf3 O-O 7. h4 Bd7 8. h5 Ne4 9. Nd2 Nxd2 10. Qxd2 Bxb5 11. Bxb5 Bd6 12. h6 g6 13. c3 Nb8 14. Bd3 c5 15. dxc5 Bxc5 16. O-O-O Nc6 17. Kb1 Rc8 18. e4 d4 19. Bb5 dxc3 20. Qxc3 Bd4 21. Qa3 Qb6 22. Bxc6 Rxc6 23. Rd2 e5 24. Rhd1 Bc5 25. Qc3 Bd4 26. Qb3 Qxb3 27. axb3 f6 28. Be3 Bxe3 29. fxe3 Rc7 30. Rd6 Rff7 31. Rd8+ Rf8 32. R8d6 Rff7 33. g4 g5 34. b4 Kf8 35. Rd8+ Ke7 36. b5 Rf8 37. R8d6 Kf7 38. b6 axb6 39. Rxb6 Kg6 40. Rd5 Rcf7 41. Rxe5 Kxh6 42. Rf5 Kg7 43. e5 h6 44. exf6+ Rxf6 45. Rxb7+ Kg6 46. e4 Re8 47. Rb4 Rfe6 48. e5 Rxe5 49. Rb6+ Kg7 50. Rb7+ Kg6 51. Rff7 Re1+ 52. Ka2 Ra8+ 53. Kb3 Re3+ 54. Kc2 Re4 55. Rg7+ Kf6 56. Rbf7+ Ke5 57. Rf5+ Kd4 58. Rd7+ Ke3 59. Rd3+ Ke2 60. Rd2+ Ke3 61. Rd3+ Ke2 62. Rg3 Rc8+ 63. Kb3 Re3+ 64. Rxe3+ Kxe3 65. Rf6 Rb8+ 66. Kc3 Rc8+ 67. Kb3 h5 68. gxh5 g4 69. h6 g3 70. Rg6 Kf3 71. Rf6+ Ke3 72. Rg6 Kf3 73. h7 Rh8 74. Rf6+ Ke3 75. Rg6 Kf3 76. Rf6+ Ke3 77. Rg6 Kf3 1/2-1/2


[Site "https://www.chess.com"]

[Event "Titled Tuesday Blitz April 25 Early 2023"]
[White "Kamsky, Gata"]
[Black "Moussard, Jules"]
[WhiteFideId "2000024"]
[BlackFideId "642908"]
[WhiteElo "2660"]
[BlackElo "2610"]
[Result "1-0"]
[Round "11"]
[TimeControl "180+2"]
[Date "2023.04.25"]
[WhiteClock "0:00:26"]
[BlackClock "0:00:05"]

1. d4 Nf6 2. Nf3 b6 3. Bf4 Bb7 4. e3 g6 5. a4 a5 6. h3 Bg7 7. c3 O-O 8. Nbd2 d6 9. Bb5 Nbd7 10. O-O e6 11. Re1 Qe7 12. e4 e5 13. Bh2 Rad8 14. Qc2 Nh5 15. b4 c6 16. Bf1 axb4 17. cxb4 exd4 18. a5 bxa5 19. Rxa5 Ne5 20. Nxd4 d5 21. exd5 cxd5 22. g4 Rc8 23. Qb1 Qg5 24. N2f3 Nxf3+ 25. Nxf3 Qf6 26. Ne5 Rfe8 27. Ra7 Qb6 28. Rxb7 Qxb7 29. gxh5 d4 30. hxg6 hxg6 31. b5 Rc5 32. Nc6 Rxe1 33. Qxe1 Bf6 34. Bg3 Qd7 35. Qe4 d3 36. Qxd3 Rd5 37. Qe4 Rd1 38. Kg2 Qd2 39. b6 Qc1 40. Qc4 Rxf1 41. Qxc1 Rxc1 42. b7 1-0


[Site "https://www.chess.com"]

[Event "Titled Tuesday Blitz April 25 Early 2023"]
[White "Svane, Frederik"]
[Black "Galchenko, Matvey"]
[WhiteFideId "12923044"]
[BlackFideId "24175480"]
[WhiteElo "2502"]
[BlackElo "2423"]
[Result "1-0"]
[Round "11"]
[TimeControl "180+2"]
[Date "2023.04.25"]
[WhiteClock "0:00:04"]
[BlackClock "0:00:03"]

1. g3 c5 2. Bg2 g6 3. e4 Bg7 4. Ne2 Nc6 5. O-O e6 6. c3 Nge7 7. d4 cxd4 8. cxd4 d5 9. exd5 Nxd5 10. Nbc3 O-O 11. Qb3 Na5 12. Qc2 Re8 13. Rd1 Bd7 14. Nf4 Nxc3 15. bxc3 Rc8 16. Rb1 b6 17. Qd3 Qc7 18. Bd2 Nc4 19. Be1 Ba4 20. Rdc1 Red8 21. Qe2 Qd6 22. Rb4 b5 23. Nd3 a5 24. Rbb1 Na3 25. Ra1 Nc4 26. Nc5 Rxc5 27. dxc5 Qxc5 28. Kh1 h5 29. f4 Qa3 30. Be4 h4 31. gxh4 Qd6 32. Bg3 Qc5 33. Bf2 Qc7 34. h5 Qxf4 35. hxg6 f5 36. Bg2 e5 37. Bg3 Qg5 38. Qf2 Rf8 39. Re1 f4 40. Bh4 Qh5 41. Bd5+ Kh8 42. Be4 Ne3 43. Be7 Re8 44. Bc5 Ng4 45. Qe2 b4 46. Bf3 Qh4 47. Bxg4 Bc6+ 48. Kg1 e4 49. Bd4 f3 50. Bxf3 Qg5+ 51. Bg2 bxc3 52. Bxg7+ Kxg7 53. Qe3 Qxg6 54. Qxc3+ Kh7 55. Qh3+ Kg7 56. Rac1 Re6 57. Qg3 Qxg3 58. hxg3 1-0


[Site "https://www.chess.com"]

[Event "Titled Tuesday Blitz April 25 Early 2023"]
[White "Gukesh D"]
[Black "Pakleza, Zbigniew"]
[WhiteFideId "46616543"]
[BlackFideId "1119290"]
[WhiteElo "2612"]
[BlackElo "2410"]
[Result "1-0"]
[Round "11"]
[TimeControl "180+2"]
[Date "2023.04.25"]
[WhiteClock "0:00:13"]
[BlackClock "0:00:03"]

1. d4 d6 2. c4 e5 3. Nc3 exd4 4. Qxd4 Nc6 5. Qd2 Nf6 6. b3 a5 7. Bb2 a4 8. Nxa4 d5 9. O-O-O dxc4 10. Qxd8+ Nxd8 11. Nf3 cxb3 12. axb3 Ne4 13. Bd4 Be6 14. Kc2 Nc6 15. Nc3 Nc5 16. Bxc5 Bxc5 17. e3 Ke7 18. Bc4 Nb4+ 19. Kb2 Bxc4 20. bxc4 c6 21. Kb3 Na6 22. Ne4 f5 23. Ng3 g6 24. Ne5 Bd6 25. Rxd6 Kxd6 26. Nf7+ Kc7 27. Nxh8 Rxh8 28. h4 Rd8 29. Kc3 Nc5 30. h5 Na4+ 31. Kc2 b5 32. hxg6 hxg6 33. cxb5 cxb5 34. Rh7+ Kc6 35. Ne2 Kc5 36. Nf4 Rc8 37. Kb3 Kb6 38. Kb4 Nc5 39. Nd5+ Ka6 40. Ka3 Nd3 41. f4 Rc5 42. Rd7 b4+ 43. Kb3 Nc1+ 44. Kxb4 Nd3+ 45. Kb3 Nc1+ 46. Ka3 Rc2 47. Nb4+ 1-0


[Site "https://www.chess.com"]